 Dungeon Crawl Stone Soup version 0.31.0-32-g396128a36d (webtiles) character file.

Game seed: 6632156994436454430

355 booth the Chopper (level 6, -7/57 HPs)
             Began as a Minotaur Monk on Apr 1, 2024.
             Mangled by a gnoll
             ... wielding a +0 halberd
             ... led by a gnoll bouda
              (16 damage)
             ... on level 5 of the Dungeon.
             The game lasted 00:14:15 (2844 turns).

booth the Chopper (Minotaur Monk)                   Turns: 2844, Time: 00:14:15

Health: -7/57      AC:  5    Str: 18    XL:     6   Next: 36%
Magic:  5/5        EV: 11    Int:  7    God:
Gold:   228        SH:  0    Dex: 12    Spells: 5/5 levels left

rFire   . . .        a - +0 hand axe
rCold   . . .        (no shield)
rNeg    + . .        i - +0 ring mail
rPois   .            (helmet restricted)
rElec   .            (no cloak)
rCorr   .            (no gloves)
SInv    +            (no boots)
Will    .....        (no amulet) Stlth
                     k - ring of see invisible
HPRegen 0.29/turn    l - ring of positive energy
MPRegen 0.09/turn

%: no passive effects
@: confused, ambrosia-drunk
A: horns 2, retaliatory headbutt
a: no special abilities


You were on level 5 of the Dungeon.
You visited 1 branch of the dungeon, and saw 5 of its levels.

You collected 228 gold pieces.

Inventory:

Hand Weapons
 a - a +0 hand axe (weapon)
 n - a +0 mace
Armour
 d - an orb of light
 i - a +0 ring mail (worn)
Jewellery
 k - a ring of see invisible (left hand)
 l - a ring of positive energy (right hand)
Scrolls
 b - 5 scrolls of fog
 f - a scroll of silence
 g - 3 scrolls of teleportation
 j - a scroll of revelation {unknown}
 o - a scroll of vulnerability {unknown}
Potions
 e - a potion of curing
 h - 2 potions of enlightenment


   Skills:
 + Level 5.8 Fighting
 * Level 7.2 Axes
 - Level 3.5 Dodging


You had 5 spell levels left.
You didn't know any spells.
Your spell library contained the following spells:

 Spells                   Type           Power      Damage    Failure   Level
 Necrotise                Necr           0%         1d4       63%         1
 Vampiric Draining        Necr           0%         2d6       94%         3
 Martyr's Knell           Necr/Summ      0%         N/A       100%        4
 Curse of Agony           Necr           0%         N/A       100%        5


Dungeon Overview and Level Annotations

Branches:
Dungeon (4/15)
 Temple: D:4-7

Altars:
Sif Muna
Vehumet
Zin


Innate Abilities, Weirdness & Mutations

You have a pair of horns on your head.
You reflexively headbutt those who attack you in melee.


Message History

The gnoll is almost dead.
The gnoll bouda barks out a call to the hunt!
The gnoll picks up the pace!
The gnoll hits you with a +0 flail.
You hear a shout!
You hit the gnoll.
You kill the gnoll!
Okay, then.
Okay, then.
You slash the ogre! You headbutt the ogre.
The ogre is heavily wounded.
The ogre hits you with a +0 giant club!!
A gnoll comes into view. It is wielding a +0 halberd.
The gnoll shouts!
You hit the ogre but do no damage.
The ogre is heavily wounded.
You hit the ogre but do no damage. You headbutt the ogre!
The ogre is severely wounded.
Your attacks no longer feel as feeble.
The ogre hits you with a +0 giant club!
* * * LOW HITPOINT WARNING * * *
You hit the ogre but do no damage.
The ogre is severely wounded.
The ogre barely misses you.
A gnoll comes into view.
It is wielding a +1 flail of holy wrath.
The gnoll shouts!
You hear a shout!
The ogre hits you with a +0 giant club!
* * * LOW HITPOINT WARNING * * *
The gnoll barely misses you.
A gnoll comes into view. It is wielding a +0 club.
The gnoll shouts!
The gnoll bouda barks out a call to the hunt!
The gnoll picks up the pace!
The gnoll attacks as it pursues you!
The gnoll hits you from afar with a +0 halberd.
* * * LOW HITPOINT WARNING * * *
You are confused.
You feel invigorated.
The gnoll hits you from afar with a +0 halberd!
You die...

...##> ..#
#g.... #....
#....# #.#..
....## #.##.
#.#..#####.##.##
#.#..g..##.# ..#
#...###..#.# #.#
##....##g..###.#
####.ggO@..##†#
#..####....####
##... ###.....##
####.. ####...#
.# #...# ..
##...# . .#..#
...... #####..


You could see an ogre, a gnoll bouda and 3 gnolls.

Vanquished Creatures
  An ogre (D:3)
  A scorpion (D:5)
  2 orc priests (D:3)
  Robin (D:2)
  A gnoll (D:5)
  3 adders (D:3)
  A dart slug (D:1)
  2 ribbon worms (D:2)
  2 orcs (D:3)
  7 endoplasms
  3 giant cockroaches
  15 goblins
  9 hobgoblins
  14 jackals
  5 kobolds
  2 quokkas (D:1)
  4 ball pythons
  6 bats
  5 frilled lizards
  2 rats
86 creatures vanquished.

Notes
Turn   | Place    | Note
-------+----------+-------------------------------------------
     0 | D:1      | booth the Minotaur Monk began the quest for the Orb.
     0 | D:1      | Reached XP level 1. HP: 19/19 MP: 0/0
   146 | D:1      | Reached XP level 2. HP: 26/27 MP: 1/1
   228 | D:1      | Reached skill level 4 in Axes
   548 | D:1      | Reached XP level 3. HP: 31/33 MP: 2/2
  1294 | D:2      | Noticed Robin
  1297 | D:2      | Found a radiant altar of Vehumet.
  1299 | D:2      | Reached skill level 5 in Axes
  1308 | D:2      | Reached XP level 4. HP: 29/41 MP: 3/3
  1314 | D:2      | Killed Robin
  1591 | D:3      | Noticed an ogre
  1598 | D:3      | Killed an ogre
  1599 | D:3      | Reached skill level 5 in Fighting
  1599 | D:3      | Reached skill level 6 in Axes
  1599 | D:3      | Reached XP level 5. HP: 23/48 MP: 4/4
  1599 | D:3      | Found a radiant altar of Vehumet.
  1599 | D:3      | Found a glowing silver altar of Zin.
  1855 | D:3      | Found a shimmering blue altar of Sif Muna.
  2196 | D:3      | Reached XP level 6. HP: 56/56 MP: 5/5
  2691 | D:4      | You fall into a shaft and drop 1 floor!
  2691 | D:5      | Entered Level 5 of the Dungeon
  2714 | D:5      | Reached skill level 7 in Axes
  2844 | D:5      | Mangled by a gnoll

Illustrated notes

Levels and vault maps discovered:
D:1:      pf_arrival_petrified_forest, layout_loops_cross,
          dreamdust_wishing_well
D:2:      layout_rooms, basic_altar, uniq_robin
D:3:      layout_loops_corners, lemuel_blue_sif_altar,
          gammafunk_temple_overflow_elements
D:4:      layout_cave_pools, mainiacjoe_overflow_alcove_2, uniq_eustachio
D:5:      layout_rooms, nicolae_overflow_crystal_walls, bh_walls_and_bars,
          uniq_edmund, uniq_menkaure, uniq_ijyb, uniq_pikel

Skill      XL: |  1  2  3  4  5  6 |
---------------+-------------------+-----
Axes           | 4 5 6 7 |  7.2
Fighting       | 4 5 |  5.8
Dodging        | |  3.5

Action                     |  1- 3 |  4- 6 || total
---------------------------+-------+-------++-------
  Melee: Hand axe          |    93 |    88 ||   181
         Headbutt          |    15 |    18 ||    33
    Use: Scroll            |       |     5 ||     5
         Potion            |       |     2 ||     2
 Armour: Robe              |     6 |       ||     6
         Ring mail         |    44 |    45 ||    89
  Dodge: Dodged            |    45 |    43 ||    88
